 Dungeon Crawl Stone Soup version 0.29-a0-664-gff9cad4a3d (webtiles) character file.

Game seed: 3759622594975594031

687 Grwwl the Slasher (level 7, -6/51 HPs)
             Began as a Gnoll Wanderer on June 22, 2022.
             Was an Initiate of Cheibriados.
             Mangled by a two-headed ogre
             ... wielding a +0 dire flail
              (17 damage)
             ... on level 5 of the Dungeon.
             The game lasted 00:17:39 (5207 turns).

Grwwl the Slasher (Gnoll Wanderer)                  Turns: 5207, Time: 00:17:41

Health: -6/51      AC:  9    Str: 13    XL:     7   Next: 62%
Magic:  12/12      EV: 13    Int: 15    God:    Cheibriados [......]
Gold:   57         SH:  7    Dex: 21    Spells: 13/13 levels left

rFire   + . .      SeeInvis .   a - +8 hand axe "Ofihust" {venom, *Slow Fly Will+ Int+4}
rCold   . . .      Faith    .   B - +2 buckler
rNeg    . . .      Spirit   .   F - +3 leather armour {rPois}
rPois   +          Reflect  .   c - +0 helmet
rElec   .          Harm     .   K - +0 cloak
rCorr   .          Rampage  .   (no gloves)
Will    +....                   (no boots)
Stlth   ++........              (no amulet)
HPRegen 0.17/turn               u - ring of protection from fire
MPRegen 0.13/turn               L - +6 ring of dexterity

@: flying, very slow
A: fangs 1, strong nose, distributed training
a: Renounce Religion


You were on level 5 of the Dungeon.
You worshipped Cheibriados.
Cheibriados was noncommittal.
You visited 2 branches of the dungeon, and saw 6 of its levels.

You collected 225 gold pieces.
You spent 168 gold pieces at shops.

Inventory:

Hand Weapons
 a - the +8 hand axe "Ofihust" (weapon) {venom, *Slow Fly Will+ Int+4}
   (You found it on level 2 of the Dungeon)

   It poisons the flesh of those it strikes.
   Int:       It affects your intelligence (+4).
   Fly:       It grants you flight.
   *Slow:     It may slow you when you take damage.
   Will:      It increases your willpower.
 b - a +0 vorpal hunting sling
 m - a +0 short sword
 s - a +2 falchion
 w - a +1 short sword of venom
 M - a +2 whip of pain
Missiles
 p - 2 throwing nets
 N - 5 javelins
Armour
 c - a +0 helmet (worn)
 B - a +2 buckler (worn)
 F - a +3 leather armour of poison resistance (worn)
 K - a +0 cloak (worn)
Jewellery
 f - a ring of wizardry
 i - a ring of ice
 u - a ring of protection from fire (left hand)
 L - a +6 ring of dexterity (right hand)
 O - a ring of wizardry
Wands
 D - a wand of iceblast (2)
Scrolls
 d - a scroll of silence
 e - 2 scrolls of brand weapon
 g - a scroll of amnesia
 h - 2 scrolls of noise
 j - 3 scrolls of fear
 q - a scroll of torment {unknown}
 r - a scroll of identify
 v - 2 scrolls of teleportation {unknown}
 y - 3 scrolls of immolation {unknown}
 z - a scroll of enchant armour {unknown}
 H - a scroll of vulnerability {unknown}
 P - a scroll of blinking {unknown}
Potions
 k - 2 potions of heal wounds
 l - 2 potions of might
 n - 2 potions of curing {unknown}
 t - a potion of ambrosia {unknown}
 x - a potion of magic {unknown}
 A - a potion of lignification {unknown}
 C - a potion of resistance {unknown}
 E - 3 potions of brilliance {unknown}
 I - 2 potions of flight
 J - a potion of mutation {unknown}


   Skills:
 + Level 2.6 Fighting
 + Level 5.3 Short Blades
 + Level 7.1 Long Blades
 + Level 2.6 Axes
 + Level 2.6 Maces & Flails
 + Level 2.6 Polearms
 + Level 2.6 Staves
 + Level 2.6 Slings
 + Level 2.6 Bows
 + Level 2.6 Crossbows
 + Level 2.6 Throwing
 + Level 5.3 Armour
 + Level 3.7 Dodging
 + Level 2.6 Stealth
 + Level 2.6 Shields
 + Level 2.6 Unarmed Combat
 + Level 3.9 Spellcasting
 + Level 2.1 Conjurations
 + Level 2.1 Hexes
 + Level 2.1 Summonings
 + Level 2.1 Necromancy
 + Level 2.1 Translocations
 + Level 2.1 Transmutations
 + Level 2.1 Fire Magic
 + Level 2.1 Ice Magic
 + Level 2.1 Air Magic
 + Level 2.1 Earth Magic
 + Level 2.1 Poison Magic
 + Level 3.9 Invocations
 + Level 2.6 Evocations


You had 13 spell levels left.
You didn't know any spells.
Your spell library was empty.

Dungeon Overview and Level Annotations

Branches:
Dungeon (5/15)             Temple (1/1) D:5

Altars:
Cheibriados
Dithmenos
Elyvilon
Fedhas
Gozag
Hepliaklqana
Kikubaaqudgha
Nemelex Xobeh
Okawaru
Ru
Sif Muna
Vehumet
Wu Jian
Xom
Zin
The Shining One

Shops:
D:1 *?*[   D:2 !   D:3 [


Innate Abilities, Weirdness & Mutations

You have very sharp teeth.
Your uncanny sense of smell can sniff out nearby items.
Your experience applies equally to all skills.


Message History

You shoot a sling bullet.
The sling bullet barely misses the two-headed ogre.
The two-headed ogre is engulfed in poison gas.
The two-headed ogre is poisoned.
Fire: b) +0 hunting sling (vorpal)
Press: ? - help, Q - select action, (/) - cycle Shift-Dir - straight line, f/p - two-headed ogre
Aim: a two-headed ogre, wielding a +0 dire flail and a +0 giant club (poison gas, lightly wounded, poisoned, 76% to hit)
You shoot a sling bullet.
The sling bullet hits the two-headed ogre but does no damage.
The two-headed ogre is lightly wounded.
The two-headed ogre is engulfed in poison gas.
The two-headed ogre looks even sicker.
The two-headed ogre is engulfed in poison gas.
The two-headed ogre looks even sicker.
You feel clever.
You fly up into the air.
The +8 hand axe "Ofihust" {venom, *Slow Fly Will+ Int+4} begins to drip with poison!
a - the +8 hand axe "Ofihust" (weapon)
{venom, *Slow Fly Will+ Int+4} You hit the two-headed ogre.
The two-headed ogre looks as sick as possible!
The two-headed ogre is heavily wounded.
The two-headed ogre is engulfed in poison gas.
The two-headed ogre looks as sick as possible!
The two-headed ogre misses you.
The two-headed ogre hits you with a +0 giant club!
You hit the two-headed ogre.
The two-headed ogre looks as sick as possible!
The two-headed ogre is severely wounded.
The two-headed ogre is engulfed in poison gas.
The two-headed ogre looks as sick as possible!
The two-headed ogre hits you with a +0 dire flail!!
* * * LOW HITPOINT WARNING * * *
You block the two-headed ogre's attack.
You hit the two-headed ogre but do no damage.
The two-headed ogre looks as sick as possible!
The two-headed ogre is severely wounded.
The two-headed ogre is engulfed in poison gas.
The two-headed ogre looks as sick as possible!
The two-headed ogre hits you with a +0 dire flail!
You die...

#..........##
#..........#
#.........#########
##.......## #☼§○☼○##
##.....## ##☼§☼§§§#
##...☼####§§§○○§§###
#..#§☼§##○○○§§§§.§○
####○§○§§○§§§○○○##
#...#§§§@O§### ####
###§○§§§☼####
##..####.§☼#§#§☼...#
....##...###.#§☼##.#
.......###...##☼##.#
.....#........#§.#.#
.......##..>..##...#
........#........#.#
........##...###...#


You could see a two-headed ogre (extremely poisoned).

Vanquished Creatures
  An ice beast (D:5)
  3 ogres
  A necrophage (D:4)
  A gnoll shaman (D:5)
  Ijyb (D:3)
  An orc wizard (D:5)
  7 gnolls
  8 adders
  A worm (D:4)
  5 orcs
  6 endoplasms
  7 giant cockroaches
  5 goblins
  2 hobgoblins (D:3)
  3 quokkas
  7 ball pythons
  4 bats
  2 frilled lizards (D:1)
  3 kobolds
  A rat (D:2)
69 creatures vanquished.

Notes
Turn   | Place    | Note
-------+----------+-------------------------------------------
     0 | D:1      | Grwwl the Gnoll Wanderer began the quest for the Orb.
     0 | D:1      | Grwwl set off with the following items: a +2 falchion, a +0
                  | short sword, a +0 helmet, a scroll of silence, a +0 robe.
     0 | D:1      | Reached XP level 1. HP: 13/13 MP: 4/4
    99 | D:1      | Found Byinaus's General Store.
   198 | D:1      | Found Paoquw's Armour Emporium.
   211 | D:1      | Reached XP level 2. HP: 15/19 MP: 5/5
   422 | D:1      | Found Ohucuicu's Assorted Antiques.
   508 | D:1      | Found Onagilash's Magic Scroll Boutique.
   513 | D:1      | Found Banoy's Book Shop.
   669 | D:1      | Bought a scroll of noise for 13 gold pieces
   701 | D:1      | Bought a potion of degeneration for 14 gold pieces
   735 | D:1      | Bought a scroll labelled TIELUH LEHI for 17 gold pieces
   735 | D:1      | Bought a scroll labelled EPSONW PEICLOD for 17 gold pieces
   934 | D:2      | Identified the +8 hand axe "Ofihust" {venom, *Slow Fly
                  | Will+ Int+4}
  1098 | D:2      | Found Nigyj Kahe's Distillery.
  1226 | D:2      | Reached XP level 3. HP: 25/25 MP: 7/7
  1640 | D:1      | Bought a murky grey potion for 15 gold pieces
  1640 | D:1      | Bought a brown potion for 15 gold pieces
  1822 | D:2      | Reached skill level 1 in Fighting
  1822 | D:2      | Reached skill level 1 in Axes
  1822 | D:2      | Reached skill level 1 in Maces & Flails
  1822 | D:2      | Reached skill level 1 in Polearms
  1822 | D:2      | Reached skill level 1 in Staves
  1822 | D:2      | Reached skill level 1 in Slings
  1822 | D:2      | Reached skill level 1 in Bows
  1822 | D:2      | Reached skill level 1 in Crossbows
  1822 | D:2      | Reached skill level 1 in Throwing
  1822 | D:2      | Reached skill level 1 in Stealth
  1822 | D:2      | Reached skill level 1 in Shields
  1822 | D:2      | Reached skill level 1 in Unarmed Combat
  1822 | D:2      | Reached skill level 1 in Evocations
  1891 | D:2      | Reached XP level 4. HP: 14/32 MP: 8/8
  2686 | D:3      | Reached skill level 1 in Conjurations
  2686 | D:3      | Reached skill level 1 in Hexes
  2686 | D:3      | Reached skill level 1 in Summonings
  2686 | D:3      | Reached skill level 1 in Necromancy
  2686 | D:3      | Reached skill level 1 in Translocations
  2686 | D:3      | Reached skill level 1 in Transmutations
  2686 | D:3      | Reached skill level 1 in Fire Magic
  2686 | D:3      | Reached skill level 1 in Ice Magic
  2686 | D:3      | Reached skill level 1 in Air Magic
  2686 | D:3      | Reached skill level 1 in Earth Magic
  2686 | D:3      | Reached skill level 1 in Poison Magic
  2882 | D:3      | Noticed Ijyb
  2900 | D:3      | Killed Ijyb
  2992 | D:3      | Reached XP level 5. HP: 37/37 MP: 9/9
  3104 | D:3      | Found Lawiuh's Armour Boutique.
  3484 | D:2      | Bought a potion of might for 44 gold pieces
  3484 | D:2      | Bought a potion of flight for 33 gold pieces
  3577 | D:5      | Entered Level 5 of the Dungeon
  3704 | D:5      | Reached XP level 6. HP: 44/44 MP: 10/10
  3799 | D:5      | Noticed an ice beast
  4011 | D:5      | Found a staircase to the Ecumenical Temple.
  4019 | Temple   | Entered the Ecumenical Temple
  4252 | Temple   | Became a worshipper of Cheibriados the Contemplative
  4289 | D:5      | Reached skill level 5 in Short Blades
  4289 | D:5      | Reached skill level 5 in Armour
  4447 | D:4      | Reached XP level 7. HP: 50/50 MP: 12/12
  4463 | D:4      | Reached skill level 7 in Long Blades
  4666 | D:4      | Found an ornate altar of the Wu Jian Council.
  5199 | D:5      | Noticed a two-headed ogre
  5207 | D:5      | Mangled by a two-headed ogre

Illustrated notes

Levels and vault maps discovered:
D:1:      lightli_arrival_quake, layout_rooms, serial_shops, shop,
          nicolae_shop_statue_plus, shop_statue, shop, shop_fountains,
          chequers_serial_rivers_large_a
D:2:      minmay_alternating_diamond, layout_basic, serial_shops,
          nicolae_shop_window_shopping, grunt_decor_cap, minmay_pentomino_v4
D:3:      layout_loops_ring, serial_shops, shop, uniq_ijyb
D:4:      layout_loops_ring, nzn_wu_jian_contemplation
D:5:      layout_cave_pods, minmay_temple_entry_slanted
Temple:   regret_index_temple_generic_petals

Skill      XL: |  1  2  3  4  5  6  7 |
---------------+----------------------+-----
Fighting       | 1 2 |  2.6
Axes           | 1 2 |  2.6
Maces & Flails | 1 2 |  2.6
Polearms       | 1 2 |  2.6
Staves         | 1 2 |  2.6
Slings         | 1 2 |  2.6
Bows           | 1 2 |  2.6
Crossbows      | 1 2 |  2.6
Throwing       | 1 2 |  2.6
Stealth        | 1 2 |  2.6
Shields        | 1 2 |  2.6
Unarmed Combat | 1 2 |  2.6
Evocations     | 1 2 |  2.6
Spellcasting   | 3 |  3.9
Conjurations   | 1 2 |  2.1
Hexes          | 1 2 |  2.1
Summonings     | 1 2 |  2.1
Necromancy     | 1 2 |  2.1
Translocations | 1 2 |  2.1
Transmutations | 1 2 |  2.1
Fire Magic     | 1 2 |  2.1
Ice Magic      | 1 2 |  2.1
Air Magic      | 1 2 |  2.1
Earth Magic    | 1 2 |  2.1
Poison Magic   | 1 2 |  2.1
Invocations    | 3 |  3.9
Dodging        | 3 |  3.7
Short Blades   | 5 |  5.3
Armour         | 5 |  5.3
Long Blades    | 7 |  7.1

Action                   |  1- 3 |  4- 6 |  7- 9 || total
-------------------------+-------+-------+-------++-------
Melee: Falchion          |    42 |       |       ||    42
       Bite              |     6 |     5 |     1 ||    12
       Hand axe          |    14 |    54 |    13 ||    81
       Punch             |     2 |       |       ||     2
 Fire: Hunting sling     |    31 |    59 |    19 ||   109
Evoke: Wand              |       |     4 |       ||     4
  Use: Scroll            |       |     5 |     1 ||     6
 Stab: Sleeping          |     2 |       |       ||     2
Armor: Robe              |     3 |       |       ||     3
       Ring mail         |     2 |    11 |       ||    13
       Leather armour    |       |    12 |     5 ||    17
Dodge: Dodged            |    39 |    32 |     8 ||    79
Block: Buckler           |       |    16 |     4 ||    20

Table legend: (Time is in decaauts)
 A = Elapsed time spent in this place.
 B = Non-inter-level travel time spent in this place.
 C = Inter-level travel time spent in this place.
 D = Time resting spent in this place.
 E = Time spent auto-exploring this place.
 F = Levels seen in this place.
 G = Mean time per level.
                   A        B        C        D        E       F      G
               +--------+--------+--------+--------+--------+-----+--------+
         Total |   5507 |   4994 |    513 |      0 |   4115 |   6 |  917.8 |
       Dungeon |   5240 |   4792 |    448 |      0 |   3923 |   5 | 1048.0 |
        Temple |    266 |    202 |     64 |      0 |    192 |   1 |  266.0 |
               +--------+--------+--------+--------+--------+-----+--------+

Top non-repeatable levels by time:
     D:2: 1612 daAuts
     D:5: 1023 daAuts
     D:4: 937 daAuts
     D:3: 905 daAuts
     D:1: 762 daAuts
  Temple: 266 daAuts
